[Event "Malmo Open 2022"]
[Site "Malmo SWE"]
[Date "2022.12.17"]
[Round "5.9"]
[White "Hald Falkesgaard, Jeppe"]
[Black "Kucuksari, Kaan"]
[Result "0-1"]
[WhiteElo "2125"]
[BlackElo "2492"]
[ECO "A40"]
[TimeControl "15 minutes + 5 seconds per move from move one (Round 1 - 4) / 90 minutes + 30 seconds per move from move one (Round 5 - 8)"]
[BlackTitle "IM"]
[WhiteFideId "1464981"]
[BlackFideId "6380166"]

1.c4 g6 2.Nc3 Bg7 3.d4 c5 4.d5 Bxc3+ 5.bxc3 e5 6.e4 d6 7.Bd3 Nd7 8.Ne2 Qe7
9.O-O h5 10.Be3 h4 11.Qd2 f6 12.Kh1 g5 13.Ng1 Qg7 14.Be2 Ne7 15.Bg4 Nb6 
16.Bxc8 Rxc8 17.Qe2 Qg6 18.f3 Rc7 19.Rfb1 g4 20.Bd2 h3 21.g3 gxf3 22.Nxf3 
Qg4 23.Qd3 Nxc4 24.Rf1 Nb6 25.c4 Nd7 26.Rf2 Ng6 27.Raf1 Kd8 28.Ne1 Ne7 29.
Nc2 Qg6 30.Na3 a6 31.Nc2 Kc8 32.Rf3 Rh4 33.Ba5 b6 34.Bxb6 Nxb6 35.Rxf6 
Qxe4+ 36.Qxe4 Rxe4 37.Rxd6 Nxc4 38.Rf8+ Kb7 39.Rdd8 Nc8 40.Kg1 Re2 41.Rf2 
Rxf2 42.Kxf2 N8b6 43.g4 Rf7+ 44.Kg3 Kc7 45.Rh8 Nxd5 46.g5 Nf4 47.Rh6 Nd6 
48.Kg4 Rg7 49.Ne3 Nf7 50.Rxa6 Rxg5+ 51.Kf3 Nd6 52.a4 c4 53.Ra7+ Kb6 54.Rd7
Kc6 0-1

[Event "Malmo Open 2022"]
[Site "Malmo SWE"]
[Date "2022.12.17"]
[Round "5.10"]
[White "Hector, Jonny"]
[Black "Kardoeus, David"]
[Result "0-1"]
[WhiteElo "2451"]
[BlackElo "2118"]
[ECO "B30"]
[TimeControl "15 minutes + 5 seconds per move from move one (Round 1 - 4) / 90 minutes + 30 seconds per move from move one (Round 5 - 8)"]
[WhiteTitle "GM"]
[WhiteFideId "1700090"]
[BlackFideId "12912050"]

1.e4 c5 2.Nf3 Nc6 3.Nc3 e5 4.Bc4 Be7 5.d3 d6 6.Nd2 Nf6 7.Nf1 Bg4 8.Qd2 Nd7
9.Ne3 Bg5 10.a4 Nd4 11.Ncd5 Nb6 12.Nxb6 axb6 13.h4 Bxe3 14.fxe3 Ne2 15.d4 
Nxc1 16.Rxc1 O-O 17.b3 exd4 18.exd4 Qf6 19.Qg5 Qxd4 20.Qxg4 Rae8 21.Bd3 f5
22.Qg3 Qc3+ 23.Kd1 Kh8 24.Qe1 Qd4 25.Qd2 fxe4 26.Bb5 Qe5 27.Qe3 Re6 28.Rf1
Rxf1+ 29.Bxf1 d5 30.c3 h6 31.Qh3 d4 32.cxd4 Qxd4+ 33.Kc2 Rf6 34.Be2 Rf2 
35.Re1 e3 36.Kb1 Qd2 37.Rf1 Qxe2 38.Rxf2 Qe1+ 39.Kc2 Qxf2+ 40.Kd3 e2 0-1

[Event "Malmo Open 2022"]
[Site "Malmo SWE"]
[Date "2022.12.17"]
[Round "6.1"]
[White "Galperin, Platon"]
[Black "Golubka, Petro"]
[Result "1/2-1/2"]
[WhiteElo "2530"]
[BlackElo "2378"]
[ECO "D27"]
[TimeControl "15 minutes + 5 seconds per move from move one (Round 1 - 4) / 90 minutes + 30 seconds per move from move one (Round 5 - 8)"]
[WhiteTitle "GM"]
[BlackTitle "GM"]
[WhiteFideId "14165414"]
[BlackFideId "14114224"]

1.d4 d5 2.c4 dxc4 3.e3 Nf6 4.Bxc4 e6 5.Nf3 c5 6.O-O a6 7.Be2 cxd4 8.Nxd4 
Bc5 9.Nb3 Bd6 10.N1d2 b5 11.a4 bxa4 12.Rxa4 O-O 13.Nc4 Bc7 14.Bd2 Bd7 15.
Ra1 Bb5 16.Bb4 Re8 17.Qxd8 Rxd8 18.Nd4 Nc6 19.Nxc6 Bxc6 20.Ba5 Ne8 21.Bxc7
1/2-1/2

[Event "Malmo Open 2022"]
[Site "Malmo SWE"]
[Date "2022.12.17"]
[Round "6.2"]
[White "Brynell, Stellan"]
[Black "Hillarp, Tiger"]
[Result "1/2-1/2"]
[WhiteElo "2388"]
[BlackElo "2523"]
[ECO "A49"]
[TimeControl "15 minutes + 5 seconds per move from move one (Round 1 - 4) / 90 minutes + 30 seconds per move from move one (Round 5 - 8)"]
[WhiteTitle "GM"]
[BlackTitle "GM"]
[WhiteFideId "1700219"]
[BlackFideId "1700812"]

1.d4 Nf6 2.Nf3 g6 3.g3 c5 4.c3 b6 5.Bg2 Bb7 6.O-O Bg7 7.Qb3 Qc8 8.Ne5 O-O 
9.Bxb7 Qxb7 10.dxc5 Qe4 11.cxb6 axb6 12.Nf3 Qxe2 13.Nbd2 Nc6 14.Qxb6 Rfb8 
15.Qc5 Ra4 16.b3 Raa8 17.Bb2 Ne4 18.Nxe4 Qxe4 19.Qe3 Qc2 20.Qc1 Qf5 21.Kg2
e5 22.c4 e4 23.Nh4 Bxb2 24.Qxb2 Qc5 25.Rad1 Nb4 26.Rxd7 Qc6 27.Re7 Rb7 28.
Rxb7 Qxb7 29.Kg1 Rxa2 30.Qf6 Nd3 31.Nf5 gxf5 32.Qg5+ Kf8 33.Qd8+ Kg7 
1/2-1/2

[Event "Malmo Open 2022"]
[Site "Malmo SWE"]
[Date "2022.12.17"]
[Round "6.3"]
[White "Pantzar, Milton"]
[Black "Olsen, Filip Boe"]
[Result "1/2-1/2"]
[WhiteElo "2465"]
[BlackElo "2424"]
[ECO "E04"]
[TimeControl "15 minutes + 5 seconds per move from move one (Round 1 - 4) / 90 minutes + 30 seconds per move from move one (Round 5 - 8)"]
[WhiteTitle "IM"]
[BlackTitle "IM"]
[WhiteFideId "1721003"]
[BlackFideId "1440640"]

1.d4 Nf6 2.c4 e6 3.Nf3 d5 4.g3 dxc4 5.Bg2 c5 6.O-O Nc6 7.dxc5 Qxd1 8.Rxd1 
Bxc5 9.Nbd2 c3 10.bxc3 O-O 11.Nb3 Be7 12.c4 Bd7 13.Bb2 Rfd8 14.Nfd4 Rac8 
15.Nb5 b6 16.Rac1 a5 17.a4 Be8 18.Rxd8 Rxd8 19.Bf3 Rc8 20.c5 bxc5 21.Nxc5 
Na7 22.Nxa7 Rxc5 23.Bc6 Kf8 24.Bxe8 Rxc1+ 25.Bxc1 Kxe8 26.Nc6 Nd5 27.Nxa5 
Nb6 28.Kg2 1/2-1/2

[Event "Malmo Open 2022"]
[Site "Malmo SWE"]
[Date "2022.12.17"]
[Round "6.4"]
[White "Lindberg, Bengt"]
[Black "Storme, Isak"]
[Result "1/2-1/2"]
[WhiteElo "2349"]
[BlackElo "2433"]
[ECO "C88"]
[TimeControl "15 minutes + 5 seconds per move from move one (Round 1 - 4) / 90 minutes + 30 seconds per move from move one (Round 5 - 8)"]
[WhiteTitle "IM"]
[BlackTitle "IM"]
[WhiteFideId "1700359"]
[BlackFideId "1728113"]

1.e4 e5 2.Nf3 Nc6 3.Bb5 a6 4.Ba4 Nf6 5.O-O Be7 6.Re1 b5 7.Bb3 O-O 8.a4 Bb7
9.d3 h6 10.Nc3 b4 11.Nd5 Bc5 12.c3 bxc3 13.bxc3 d6 14.d4 Ba7 15.Rb1 Rb8 
16.Nxf6+ Qxf6 17.Bd5 Ba8 18.Rxb8 Rxb8 19.Be3 Bb6 20.dxe5 Nxe5 21.Bxb6 cxb6
22.Nxe5 Qxe5 23.Qd2 Rc8 24.f4 Qf6 25.Bxa8 Rxa8 26.Rd1 Re8 27.Qxd6 Qxd6 28.
Rxd6 Rxe4 29.Rxb6 Rxa4 30.c4 Rxc4 31.Rxa6 Rxf4 32.g3 Rb4 33.h4 Rb2 34.Rc6 
Kh7 35.Ra6 g5 36.hxg5 hxg5 37.Rc6 Ra2 38.Rb6 Kg7 39.Rc6 f6 40.Rb6 Kg6 41.
Rc6 Kf5 42.Rb6 Ke5 43.Rb4 f5 44.Kf1 Rd2 45.Ra4 Rd4 46.Ra3 Rb4 47.Re3+ Kd4 
48.Re8 Rb2 49.Re7 Ra2 50.Re8 g4 51.Re7 Ra3 52.Kf2 Rf3+ 53.Kg2 Re3 54.Rd7+ 
Ke4 55.Kf2 Rf3+ 56.Kg2 Ra3 57.Re7+ Kd4 58.Rd7+ Ke5 59.Re7+ Kf6 1/2-1/2

[Event "Malmo Open 2022"]
[Site "Malmo SWE"]
[Date "2022.12.17"]
[Round "6.5"]
[White "Kucuksari, Kaan"]
[Black "Poley, Vladimir"]
[Result "1/2-1/2"]
[WhiteElo "2492"]
[BlackElo "2312"]
[ECO "A41"]
[TimeControl "15 minutes + 5 seconds per move from move one (Round 1 - 4) / 90 minutes + 30 seconds per move from move one (Round 5 - 8)"]
[WhiteTitle "IM"]
[BlackTitle "IM"]
[WhiteFideId "6380166"]
[BlackFideId "13500090"]

1.d4 g6 2.c4 Bg7 3.Nf3 d6 4.Nc3 Bg4 5.e3 Nc6 6.Be2 e5 7.dxe5 dxe5 8.Qb3 
Nge7 9.Qxb7 Rb8 10.Qa6 Nb4 11.Qa4+ Bd7 12.Qd1 e4 13.Nxe4 Bf5 14.Nfd2 Nd3+ 
15.Bxd3 Qxd3 16.Nc5 Qd6 17.Ndb3 Nc6 18.O-O Qe7 19.e4 Bc8 20.Qe2 O-O 21.Be3
a5 22.Rad1 Re8 23.Rd2 Qh4 24.f4 a4 25.Nd4 Nb4 26.a3 Na6 27.Nxa4 Rxe4 28.
Nc6 Bg4 29.Qd3 Rbe8 30.Bd4 Be2 31.Rxe2 Rxe2 32.Ne5 Re1 33.g3 Rxf1+ 34.Qxf1
Qd8 35.Bc3 f6 36.Nf3 Qd7 37.b3 Re3 38.Kf2 Rd3 39.Qe2 Kf7 40.Kg2 Bf8 41.
Bxf6 Rxf3 42.Qxf3 Kxf6 43.Qa8 Qd6 44.Nc3 Kg7 45.Ne4 Qe7 46.b4 Qe6 47.Qd5 
Qxd5 48.cxd5 Nb8 49.Kf3 Nd7 50.Ng5 Bd6 51.Ke4 h6 52.Ne6+ Kf6 53.Nd4 Nb6 
54.Nc6 g5 55.Ne5 h5 56.h3 Be7 57.fxg5+ Kxg5 58.Nf3+ Kf6 59.g4 hxg4 60.hxg4
Nc4 61.g5+ Kg7 62.Nd4 Kg6 63.Nc6 Bd6 64.a4 Kxg5 65.Kd4 Nb6 66.a5 Nd7 67.
Ke4 Nf6+ 68.Kd4 Nd7 69.Ke4 Nf6+ 70.Kd4 Nd7 71.Ke4 Nf6+ 72.Kd4 1/2-1/2

[Event "Malmo Open 2022"]
[Site "Malmo SWE"]
[Date "2022.12.17"]
[Round "6.6"]
[White "Sorensen, Hampus"]
[Black "Kistrup, Nicolai"]
[Result "1-0"]
[WhiteElo "2442"]
[BlackElo "2290"]
[ECO "C50"]
[TimeControl "15 minutes + 5 seconds per move from move one (Round 1 - 4) / 90 minutes + 30 seconds per move from move one (Round 5 - 8)"]
[WhiteTitle "IM"]
[BlackTitle "FM"]
[WhiteFideId "8703884"]
[BlackFideId "1444816"]

1.e4 e5 2.Nf3 Nc6 3.Bc4 Nf6 4.d3 Bc5 5.Bg5 h6 6.Bh4 Be7 7.Bg3 d6 8.a4 O-O 
9.O-O Re8 10.a5 a6 11.h3 Bf8 12.Nc3 Be6 13.Bh4 g6 14.Bxe6 Rxe6 15.Nd5 Bg7 
16.Nh2 g5 17.Bg3 Ne7 18.Nxf6+ Bxf6 19.Ng4 Bg7 20.Ne3 Qd7 21.Qg4 Rd8 22.
Rfd1 Rg6 23.c3 d5 24.Nf5 Nxf5 25.exf5 Rf6 26.Bxe5 Rxf5 27.Bxc7 Re8 28.Bg3 
Kh7 29.Re1 Kg6 30.Qb4 Bf8 31.Qb3 Rxe1+ 32.Rxe1 Qc6 33.d4 h5 34.Qc2 Bg7 35.
Be5 Qe6 36.g4 1-0

[Event "Malmo Open 2022"]
[Site "Malmo SWE"]
[Date "2022.12.17"]
[Round "6.7"]
[White "Boe, Mads"]
[Black "Baskin, Robert"]
[Result "0-1"]
[WhiteElo "2298"]
[BlackElo "2426"]
[ECO "D35"]
[TimeControl "15 minutes + 5 seconds per move from move one (Round 1 - 4) / 90 minutes + 30 seconds per move from move one (Round 5 - 8)"]
[WhiteTitle "FM"]
[BlackTitle "IM"]
[WhiteFideId "1401408"]
[BlackFideId "24662402"]

1.d4 Nf6 2.Nf3 d5 3.c4 e6 4.cxd5 exd5 5.Nc3 c6 6.Bg5 Be7 7.e3 Bf5 8.Bd3 
Bxd3 9.Qxd3 Nbd7 10.O-O O-O 11.Qc2 a5 12.h3 Ne8 13.Bxe7 Qxe7 14.a4 Nd6 15.
Ne2 g5 16.Nc1 Ne4 17.Nd3 Rae8 18.Rab1 f5 19.Nfe5 Nxe5 20.Nxe5 g4 21.f3 Ng3
22.Rf2 Qg5 23.fxg4 Qxe3 24.Qd2 Qxd2 25.Rxd2 fxg4 26.hxg4 Re6 27.Rf2 Ref6 
28.Rxf6 Rxf6 29.Re1 Rf4 30.Re3 Rf1+ 31.Kh2 Ne4 32.Rb3 Nd6 33.Rf3 Rb1 34.b3
Ne4 35.Rd3 Rb2 36.Nf3 Nf2 37.Rd2 Nxg4+ 38.Kg3 Rxd2 39.Nxd2 Ne3 40.Kf4 
Nxg2+ 41.Ke5 h5 42.Kd6 h4 43.Kc7 h3 44.Nf1 Ne3 45.Nh2 Nc2 0-1

[Event "Malmo Open 2022"]
[Site "Malmo SWE"]
[Date "2022.12.17"]
[Round "6.8"]
[White "Kopylov, Michael"]
[Black "Ollen, Martin"]
[Result "1-0"]
[WhiteElo "2376"]
[BlackElo "2142"]
[ECO "D76"]
[TimeControl "15 minutes + 5 seconds per move from move one (Round 1 - 4) / 90 minutes + 30 seconds per move from move one (Round 5 - 8)"]
[WhiteTitle "IM"]
[WhiteFideId "14105080"]
[BlackFideId "1718983"]

1.Nf3 Nf6 2.d4 g6 3.c4 Bg7 4.g3 O-O 5.Bg2 d5 6.cxd5 Nxd5 7.O-O Nc6 8.e4 
Nb6 9.d5 Na5 10.Nc3 c6 11.Nd4 e6 12.Nb3 Nxb3 13.Qxb3 exd5 14.exd5 cxd5 15.
Nxd5 Be6 16.Rd1 Re8 17.Be3 Nxd5 18.Bxd5 Bxd5 19.Rxd5 Qf6 20.Rd7 b6 21.Rc1 
Red8 22.Bg5 Qxb2 23.Qxf7+ Kh8 24.Bxd8 Qxc1+ 25.Kg2 Qc6+ 26.Kh3 1-0

[Event "Malmo Open 2022"]
[Site "Malmo SWE"]
[Date "2022.12.17"]
[Round "6.9"]
[White "Pastar, Slaven"]
[Black "Blauhut, Holger"]
[Result "1-0"]
[WhiteElo "2365"]
[BlackElo "2141"]
[ECO "A14"]
[TimeControl "15 minutes + 5 seconds per move from move one (Round 1 - 4) / 90 minutes + 30 seconds per move from move one (Round 5 - 8)"]
[WhiteTitle "FM"]
[BlackTitle "CM"]
[WhiteFideId "14402718"]
[BlackFideId "24665177"]

1.Nf3 d5 2.g3 Nf6 3.Bg2 e6 4.O-O Be7 5.c4 O-O 6.b3 c5 7.cxd5 Nxd5 8.d4 Nc6
9.Bb2 cxd4 10.Nxd4 Nxd4 11.Bxd4 Bf6 12.Bxf6 Qxf6 13.Na3 Rd8 14.Qe1 e5 15.
Rd1 Be6 16.Nc4 b5 17.Na5 Rac8 18.a3 Rc2 19.Rd3 Nb6 20.Qd1 Rcc8 21.Nc6 Rxd3
22.Qxd3 Bf5 23.Qd2 a6 24.Nb4 Qe7 25.Rd1 g6 26.h3 a5 27.Nc6 Qxa3 28.Qe3 Nd7
29.Qa7 1-0

[Event "Malmo Open 2022"]
[Site "Malmo SWE"]
[Date "2022.12.17"]
[Round "6.10"]
[White "Kardoeus, David"]
[Black "Skytte, Rasmus"]
[Result "1/2-1/2"]
[WhiteElo "2118"]
[BlackElo "2347"]
[ECO "D40"]
[TimeControl "15 minutes + 5 seconds per move from move one (Round 1 - 4) / 90 minutes + 30 seconds per move from move one (Round 5 - 8)"]
[BlackTitle "IM"]
[WhiteFideId "12912050"]
[BlackFideId "1404210"]

1.d4 d5 2.c4 e6 3.Nc3 c5 4.e3 Nf6 5.Nf3 Nc6 6.a3 cxd4 7.exd4 Be7 8.Bd3 
dxc4 9.Bxc4 O-O 10.O-O Nd5 11.Bxd5 exd5 12.Qb3 Bg4 13.Qxb7 Rc8 14.Ne5 Nxe5
15.dxe5 d4 16.Nd5 Bc5 17.b4 Rb8 18.Qc6 Rc8 19.Qb7 Rb8 20.Qc6 Rc8 21.Qb7 
Rb8 1/2-1/2

[Event "Malmo Open 2022"]
[Site "Malmo SWE"]
[Date "2022.12.18"]
[Round "7.1"]
[White "Hillarp, Tiger"]
[Black "Galperin, Platon"]
[Result "0-1"]
[WhiteElo "2523"]
[BlackElo "2530"]
[ECO "E94"]
[TimeControl "15 minutes + 5 seconds per move from move one (Round 1 - 4) / 90 minutes + 30 seconds per move from move one (Round 5 - 8)"]
[WhiteTitle "GM"]
[BlackTitle "GM"]
[WhiteFideId "1700812"]
[BlackFideId "14165414"]

1.d4 Nf6 2.c4 g6 3.Nc3 Bg7 4.e4 d6 5.Nf3 O-O 6.Be2 e5 7.O-O Bg4 8.d5 a5 9.
Ne1 Bd7 10.Nd3 Na6 11.a3 a4 12.Bg5 h6 13.Bh4 b6 14.Bxf6 Bxf6 15.Nxa4 Bxa4 
16.Qxa4 Nc5 17.Nxc5 Rxa4 18.Nxa4 Bg5 19.Rad1 Qd7 20.Nc3 Ra8 21.Rfe1 Kg7 
22.Bd3 h5 23.Bc2 Kh6 24.Rd3 f5 25.h3 Bh4 26.Bd1 f4 27.Kf1 Rf8 28.Ba4 Qc8 
29.Bc6 f3 30.Rxf3 Rxf3 31.gxf3 Qxh3+ 32.Ke2 g5 33.Nb1 Qg2 34.Rf1 g4 35.Nd2
Bg5 0-1

[Event "Malmo Open 2022"]
[Site "Malmo SWE"]
[Date "2022.12.18"]
[Round "7.2"]
[White "Golubka, Petro"]
[Black "Pantzar, Milton"]
[Result "0-1"]
[WhiteElo "2378"]
[BlackElo "2465"]
[ECO "B10"]
[TimeControl "15 minutes + 5 seconds per move from move one (Round 1 - 4) / 90 minutes + 30 seconds per move from move one (Round 5 - 8)"]
[WhiteTitle "GM"]
[BlackTitle "IM"]
[WhiteFideId "14114224"]
[BlackFideId "1721003"]

1.e4 c6 2.d3 d5 3.Nd2 e5 4.Ngf3 Bd6 5.d4 exd4 6.exd5 Nf6 7.dxc6 Nxc6 8.Nb3
O-O 9.Be2 Bb4+ 10.Bd2 Qb6 11.Bxb4 Qxb4+ 12.Qd2 Qxd2+ 13.Kxd2 Rd8 14.Bd3 
Bg4 15.Ng5 Rac8 16.h3 Bh5 17.Rhe1 h6 18.Ne4 Nd5 19.Ng3 Bg6 20.a3 Nf4 21.
Bxg6 fxg6 22.Re4 g5 23.Rg1 Re8 24.f3 Rxe4 25.Nxe4 Ne5 26.Nxd4 Nc4+ 27.Kc1 
Ne3 28.c3 Nexg2 29.Rh1 Rf8 30.Kd2 Nh4 31.Ke3 Nd5+ 32.Kf2 b5 33.Kg3 Ne3 34.
Re1 Nef5+ 35.Nxf5 Rxf5 36.Nd2 a5 37.Re8+ Kf7 38.Rd8 Ke7 39.Rd3 Re5 40.Ne4 
Ng6 41.Rd2 a4 42.Kg4 Nf4 43.h4 Ne6 44.hxg5 Nxg5 45.Nxg5 Rxg5+ 46.Kf4 Ke6 
47.Rd4 Rc5 48.Rd8 Rf5+ 49.Kg3 Rg5+ 50.Kf4 Rg2 51.Rb8 Rxb2 52.c4 Rb3 53.
Rb6+ Kf7 54.cxb5 Rxa3 55.Ra6 Rb3 56.Ra7+ Kg6 57.Rxa4 Rxb5 58.Ra6+ Kh5 59.
Kg3 Rf5 60.Ra4 Kg5 61.Ra7 g6 62.Ra4 Rb5 63.Rg4+ Kf6 64.Rf4+ Rf5 65.Ra4 Kg7
66.Ra7+ Rf7 67.Ra4 Re7 68.Rb4 h5 69.Rb5 Kf6 70.Ra5 Re5 71.Ra6+ Kf5 72.Ra8 
Rd5 73.Rf8+ Kg5 74.Rh8 Kf6 75.Rf8+ Kg7 76.Ra8 g5 77.Ra6 Rf5 78.Rb6 Rf6 79.
Rb8 Kg6 80.Rb4 Rd6 81.Rb5 h4+ 82.Kg4 Rd4+ 83.Kh3 Rd2 84.Rb8 Kg7 85.Rb5 Kf6
86.Rb8 Rf2 87.Rf8+ Ke6 88.Kg4 Rg2+ 89.Kh3 Rg3+ 90.Kh2 Ke5 91.Rf7 Kd4 92.f4
g4 93.Rh7 Ke3 94.Ra7 Rf3 0-1

[Event "Malmo Open 2022"]
[Site "Malmo SWE"]
[Date "2022.12.18"]
[Round "7.3"]
[White "Kopylov, Michael"]
[Black "Sorensen, Hampus"]
[Result "1/2-1/2"]
[WhiteElo "2376"]
[BlackElo "2442"]
[ECO "D30"]
[TimeControl "15 minutes + 5 seconds per move from move one (Round 1 - 4) / 90 minutes + 30 seconds per move from move one (Round 5 - 8)"]
[WhiteTitle "IM"]
[BlackTitle "IM"]
[WhiteFideId "14105080"]
[BlackFideId "8703884"]

1.d4 d5 2.c4 e6 3.Nf3 a6 4.cxd5 exd5 5.Nc3 Nf6 6.Bg5 Be6 7.e3 Nbd7 8.Bd3 
c6 9.O-O Bd6 10.e4 dxe4 11.Bxe4 h6 12.Bh4 Qa5 13.Re1 O-O 14.Bc2 Rfe8 15.
Qd3 g6 16.Qd2 Bf8 17.Ne5 Bg7 18.Rad1 Qc7 19.Bb1 Nd5 1/2-1/2

[Event "Malmo Open 2022"]
[Site "Malmo SWE"]
[Date "2022.12.18"]
[Round "7.4"]
[White "Baskin, Robert"]
[Black "Pastar, Slaven"]
[Result "1-0"]
[WhiteElo "2426"]
[BlackElo "2365"]
[ECO "C54"]
[TimeControl "15 minutes + 5 seconds per move from move one (Round 1 - 4) / 90 minutes + 30 seconds per move from move one (Round 5 - 8)"]
[WhiteTitle "IM"]
[BlackTitle "FM"]
[WhiteFideId "24662402"]
[BlackFideId "14402718"]

1.e4 e5 2.Nf3 Nc6 3.Bc4 Bc5 4.c3 Nf6 5.d3 a6 6.O-O d6 7.a4 O-O 8.h3 h6 9.
Re1 Ba7 10.Nbd2 Re8 11.b4 Be6 12.Bxe6 Rxe6 13.Qc2 b5 14.Nb3 Re8 15.Bd2 d5 
16.axb5 axb5 17.Na5 Nxa5 18.Rxa5 dxe4 19.dxe4 Bb6 20.Rxb5 Nd7 21.Rd5 c6 
22.Rd3 c5 23.Be3 Qc7 24.Red1 Nf6 25.Rd6 Rab8 26.b5 c4 27.Rc6 Qa7 28.Rxb6 
Rxb6 29.Qe2 Rc8 30.Nxe5 Qb8 31.Bxb6 Qxe5 32.Bd4 Qxb5 33.Bxf6 gxf6 34.Qg4+ 
1-0

[Event "Malmo Open 2022"]
[Site "Malmo SWE"]
[Date "2022.12.18"]
[Round "7.5"]
[White "Olsen, Filip Boe"]
[Black "Lindberg, Bengt"]
[Result "1-0"]
[WhiteElo "2424"]
[BlackElo "2349"]
[ECO "E00"]
[TimeControl "15 minutes + 5 seconds per move from move one (Round 1 - 4) / 90 minutes + 30 seconds per move from move one (Round 5 - 8)"]
[WhiteTitle "IM"]
[BlackTitle "IM"]
[WhiteFideId "1440640"]
[BlackFideId "1700359"]

1.d4 Nf6 2.c4 e6 3.Bf4 c5 4.d5 exd5 5.cxd5 d6 6.Nc3 Be7 7.e4 O-O 8.Be2 Na6
9.Nf3 Nc7 10.O-O Bg4 11.Nd2 Bxe2 12.Qxe2 Re8 13.a4 g6 14.h3 Nh5 15.Bh2 Bf8
16.Qd3 Na6 17.Nc4 Nb4 18.Qd2 a6 19.a5 f5 20.Rfe1 Qf6 21.g4 fxg4 22.hxg4 
Ng7 23.e5 Qh4 24.Re4 dxe5 25.Bxe5 Rad8 26.Kg2 Qe7 27.Rh1 Qf7 28.Rf4 Qd7 
29.Nb6 Qe7 30.Bf6 Qc7 31.Bxd8 Rxd8 32.Ne4 Ne8 33.Ng5 Ng7 34.Rxh7 Re8 35.
Rxf8+ Rxf8 36.Ne6 Nxe6 37.Rxc7 Nxc7 38.Qh6 Rf7 39.d6 Ne6 40.Qxg6+ Ng7 41.
d7 Nc6 42.Qxc6 1-0

[Event "Malmo Open 2022"]
[Site "Malmo SWE"]
[Date "2022.12.18"]
[Round "7.6"]
[White "Kopylov, Daniel"]
[Black "Brynell, Stellan"]
[Result "1/2-1/2"]
[WhiteElo "2336"]
[BlackElo "2388"]
[ECO "C02"]
[TimeControl "15 minutes + 5 seconds per move from move one (Round 1 - 4) / 90 minutes + 30 seconds per move from move one (Round 5 - 8)"]
[WhiteTitle "FM"]
[BlackTitle "GM"]
[WhiteFideId "12921971"]
[BlackFideId "1700219"]

1.e4 e6 2.d4 d5 3.e5 c5 4.c3 Qb6 5.Nf3 Bd7 6.Na3 cxd4 7.cxd4 Bb4+ 8.Bd2 
Nc6 9.Nc2 Bxd2+ 10.Qxd2 Qxb2 11.Bd3 h6 12.O-O Qb6 13.Rab1 Qc7 14.Qf4 Nge7 
15.Qg4 O-O 16.Ne3 f5 17.exf6 Rxf6 18.Qg3 Qxg3 19.hxg3 Rb8 20.Ng4 Rff8 21.
Nge5 Be8 22.Rfe1 Nd8 23.Ba6 Nec6 24.Nxc6 Bxc6 25.Ne5 Rc8 26.Ng6 Re8 27.Be2
Rc7 28.Bh5 Bd7 29.Nf4 Rf8 30.Bg4 Rf6 31.Rb3 b6 32.Rbe3 Rc2 33.R1e2 Rxe2 
34.Rxe2 Nc6 35.Bxe6+ Bxe6 36.Nxe6 Kf7 37.Nf4 Rd6 38.Rd2 b5 39.f3 b4 40.Rc2
a5 41.Nxd5 Rxd5 42.Rxc6 Rxd4 43.Ra6 Rd1+ 44.Kh2 Ra1 45.Rxa5 b3 46.Rb5 bxa2
47.Ra5 h5 48.f4 Kf6 49.g4 h4 50.Ra6+ Kf7 51.f5 g6 52.fxg6+ Kg7 53.g5 Rb1 
1/2-1/2

[Event "Malmo Open 2022"]
[Site "Malmo SWE"]
[Date "2022.12.18"]
[Round "7.7"]
[White "Kucuksari, Kaan"]
[Black "Jacobsen, Mikkel Manosri"]
[Result "1-0"]
[WhiteElo "2492"]
[BlackElo "2320"]
[ECO "D00"]
[TimeControl "15 minutes + 5 seconds per move from move one (Round 1 - 4) / 90 minutes + 30 seconds per move from move one (Round 5 - 8)"]
[WhiteTitle "IM"]
[BlackTitle "FM"]
[WhiteFideId "6380166"]
[BlackFideId "1444514"]

1.d4 d5 2.Bf4 c5 3.e3 cxd4 4.exd4 Nc6 5.c3 f6 6.Nf3 g5 7.Bg3 h5 8.h4 g4 9.
Nfd2 Nh6 10.Bd3 Bf5 11.Nf1 Qd7 12.Ne3 O-O-O 13.b4 Bxd3 14.Qxd3 e6 15.b5 
Na5 16.Nd2 Bd6 17.Nb3 Nxb3 18.axb3 f5 19.Bxd6 Qxd6 20.Rxa7 f4 21.Nc2 Kb8 
22.Ra4 Nf5 23.Kd2 f3 24.g3 Nxg3 25.fxg3 Qxg3 26.Rha1 Qf2+ 27.Kc1 Kc7 28.
Kb2 Qxh4 29.Ra7 Rb8 30.R1a6 Qf6 31.Ne3 Kd7 32.Rb6 f2 33.Raxb7+ Rxb7 34.
Rxb7+ Kc8 35.Ra7 e5 36.b6 Qxb6 37.Ra8+ Kb7 38.Rxh8 e4 39.Qf1 g3 40.Qa1 Qb5
41.Qa8+ Kc7 42.Rh7+ 1-0

[Event "Malmo Open 2022"]
[Site "Malmo SWE"]
[Date "2022.12.18"]
[Round "7.8"]
[White "Storme, Isak"]
[Black "Ornstein, Axel"]
[Result "1-0"]
[WhiteElo "2433"]
[BlackElo "2249"]
[ECO "E14"]
[TimeControl "15 minutes + 5 seconds per move from move one (Round 1 - 4) / 90 minutes + 30 seconds per move from move one (Round 5 - 8)"]
[WhiteTitle "IM"]
[BlackTitle "IM"]
[WhiteFideId "1728113"]
[BlackFideId "1700111"]

1.c4 c5 2.Nc3 b6 3.e3 Nf6 4.d4 cxd4 5.exd4 e6 6.Nf3 Bb7 7.Bd3 Be7 8.O-O 
O-O 9.d5 Na6 10.Re1 Bb4 11.Bg5 h6 12.Bh4 Nc5 13.Bb1 Bxc3 14.bxc3 exd5 15.
cxd5 b5 16.Qd4 Rc8 17.Re3 Qb6 18.Ne5 g5 19.c4 bxc4 20.Nxc4 Nce4 21.Rxe4 
Qxd4 22.Rxd4 Bxd5 23.Bd3 gxh4 24.Nd6 Rc5 25.Rxh4 Be6 26.Rxh6 Kg7 27.Rxf6 
Rd5 28.Rf3 Rxd6 29.h3 Rb8 30.Bf1 Rb2 31.a4 a5 32.Rf4 Rdd2 33.g3 d5 34.Bb5 
d4 35.Ra3 Bxh3 36.g4 Rb1+ 37.Kh2 Rdd1 38.Rxh3 Rh1+ 39.Kg3 Rb3+ 40.f3 Rg1+ 
41.Kf2 Rd1 42.Rxf7+ 1-0

[Event "Malmo Open 2022"]
[Site "Malmo SWE"]
[Date "2022.12.18"]
[Round "7.9"]
[White "Jogstad, Martin"]
[Black "Kardoeus, David"]
[Result "1-0"]
[WhiteElo "2373"]
[BlackElo "2118"]
[ECO "E71"]
[TimeControl "15 minutes + 5 seconds per move from move one (Round 1 - 4) / 90 minutes + 30 seconds per move from move one (Round 5 - 8)"]
[WhiteTitle "FM"]
[WhiteFideId "1715364"]
[BlackFideId "12912050"]

1.d4 Nf6 2.c4 g6 3.Nc3 Bg7 4.e4 d6 5.h3 O-O 6.Be3 e5 7.d5 a5 8.g4 Na6 9.
Qd2 Nc5 10.f3 c6 11.Nge2 cxd5 12.cxd5 Bd7 13.Ng3 Ne8 14.h4 f5 15.gxf5 gxf5
16.exf5 Bxf5 17.Nxf5 Rxf5 18.h5 e4 19.Bxc5 dxc5 20.fxe4 Rg5 21.h6 Bd4 22.
Nb5 Be5 23.O-O-O Kh8 24.Bh3 Nd6 25.Nxd6 Qxd6 26.Rdf1 Rag8 27.Be6 Rg2 28.
Rf2 Rxf2 29.Qxf2 Bd4 30.Qf5 Rf8 31.e5 Bxb2+ 32.Kc2 Bxe5 33.Rg1 Bd4 34.Rg2 
Ra8 35.Qf7 Qf8 36.d6 Qxf7 37.Bxf7 Be3 38.d7 Bxh6 39.Re2 Kg7 40.Re8 Kxf7 
41.Rxa8 Bg5 42.d8=Q Bxd8 43.Rxd8 b5 44.Rd5 a4 45.Rxc5 b4 46.Kb2 1-0

[Event "Malmo Open 2022"]
[Site "Malmo SWE"]
[Date "2022.12.18"]
[Round "7.10"]
[White "Skytte, Rasmus"]
[Black "Joensson, Jacob"]
[Result "1-0"]
[WhiteElo "2347"]
[BlackElo "2028"]
[ECO "D36"]
[TimeControl "15 minutes + 5 seconds per move from move one (Round 1 - 4) / 90 minutes + 30 seconds per move from move one (Round 5 - 8)"]
[WhiteTitle "IM"]
[WhiteFideId "1404210"]
[BlackFideId "1726315"]

1.d4 Nf6 2.c4 e6 3.Nc3 d5 4.cxd5 exd5 5.Bg5 c6 6.e3 Be7 7.Qc2 Nbd7 8.Bd3 
Nh5 9.Bxe7 Qxe7 10.O-O-O Nb6 11.Kb1 g6 12.h3 Ng7 13.g4 Be6 14.f4 O-O-O 15.
f5 Bd7 16.Nf3 h5 17.fxg6 hxg4 18.Ne5 Rxh3 19.gxf7 Be6 20.Rhf1 Nd7 21.Ng6 
Qg5 22.f8=Q Nxf8 23.Nxf8 Rxe3 24.Nxe6 Nxe6 25.Bf5 Kb8 26.Qd2 Ng7 27.Bxg4 
Qg6+ 28.Ka1 Rxc3 29.Qxc3 Qxg4 30.Rg1 Qd7 31.Qg3+ 1-0

[Event "Malmo Open 2022"]
[Site "Malmo SWE"]
[Date "2022.12.18"]
[Round "8.2"]
[White "Pantzar, Milton"]
[Black "Baskin, Robert"]
[Result "1/2-1/2"]
[WhiteElo "2465"]
[BlackElo "2426"]
[ECO "A48"]
[TimeControl "15 minutes + 5 seconds per move from move one (Round 1 - 4) / 90 minutes + 30 seconds per move from move one (Round 5 - 8)"]
[WhiteTitle "IM"]
[BlackTitle "IM"]
[WhiteFideId "1721003"]
[BlackFideId "24662402"]

1.d4 Nf6 2.Nf3 g6 3.Nbd2 c5 4.dxc5 Qa5 5.a3 Qxc5 6.b4 Qc7 7.Bb2 Bg7 8.c4 
O-O 9.e3 b6 10.Be2 Bb7 1/2-1/2